 Dungeon Crawl Stone Soup version 0.28-a0-991-g956f0ee3d5 (webtiles) character file.

Game seed: 2739308501921409190

7854 Decritt the Cleaver (level 11, -3/102 HPs)
             Began as a Minotaur Monk on Dec 5, 2021.
             Was an Elder of the Shining One.
             Slain by a red draconian (19 damage)
             ... on level 1 of the Abyss.
             The game lasted 00:19:51 (10745 turns).

Decritt the Cleaver (Minotaur Monk)                Turns: 10745, Time: 00:19:52

Health: -3/102     AC: 18    Str: 25    XL:     11   Next: 2%
Magic:  12/12      EV: 12    Int:  7    God:    the Shining One [****..]
Gold:   311        SH:  0    Dex: 14    Spells: 10/10 levels left

rFire   + . .      SeeInvis .   q - +2 hand axe (holy)
rCold   + . .      Faith    .   (no shield)
rNeg    + + .      Spirit   .   z - +2 chain mail {rC+}
rPois   .          Reflect  .   (helmet restricted)
rElec   .          Harm     .   o - +2 cloak
rCorr   .          Rampage  .   (no gloves)
Will    .....                   J - +0 pair of boots
Stlth   ..........              (no amulet)
HPRegen 0.27/turn               h - +6 ring of strength
MPRegen 0.13/turn               H - ring of protection from fire

@: glowing
A: horns 2, retaliatory headbutt
a: Renounce Religion, Divine Shield, Cleansing Flame


You were on level 1 of the Abyss.
You worshipped the Shining One.
The Shining One was greatly pleased with you.
You visited 2 branches of the dungeon, and saw 10 of its levels.
You visited the Abyss 1 time.

You collected 399 gold pieces.
You spent 88 gold pieces at shops.

Inventory:

Hand Weapons
 a - a +1 hand axe
 g - a +1 long sword of holy wrath
 q - a +2 hand axe of holy wrath (weapon)
 G - a +0 morningstar of flaming
Missiles
 x - 9 javelins
 F - 2 boomerangs
Armour
 b - a +0 robe
 i - a +0 ring mail
 o - a +2 cloak (worn)
 s - a +1 leather armour
 w - a +0 scale mail
 z - a +2 chain mail of cold resistance (worn)
 B - a scarf of resistance
 J - a +0 pair of boots (worn)
Jewellery
 h - a +6 ring of strength (left hand)
 v - a +6 ring of intelligence
 H - a ring of protection from fire (right hand)
 N - an amulet of magic regeneration
Wands
 l - a wand of flame (11)
 t - a wand of iceblast (2)
 C - a wand of paralysis (8)
 I - a wand of mindburst (5)
 L - a wand of acid (14)
Scrolls
 k - 2 scrolls of fear
 u - a scroll of immolation
 y - a scroll of amnesia {unknown}
 A - 2 scrolls of fog {unknown}
 D - a scroll of enchant weapon
 E - a scroll of teleportation {unknown}
 K - a scroll of torment {unknown}
Potions
 c - 3 potions of curing
 e - a potion of heal wounds
 f - 2 potions of flight
 j - a potion of invisibility {unknown}
 m - 3 potions of mutation
 n - 2 potions of berserk rage {unknown}
 M - a potion of haste {unknown}
 O - a potion of attraction {unknown}


   Skills:
 * Level 11.3 Fighting
 * Level 11.5 Axes
 * Level 9.0 Armour
 * Level 8.8 Dodging
 - Level 1.5 Stealth
 + Level 3.6 Invocations


You had 10 spell levels left.
You didn't know any spells.
Your spell library contained the following spells:

 Spells                   Type           Power      Damage    Failure   Level
 Foxfire                  Conj/Fire      0%         2x1d4     94%         1
 Slow                     Hex            0%         N/A       94%         1
 Confusing Touch          Hex            0%         N/A       100%        3
 Conjure Flame            Conj/Fire      0%         6-21      100%        3
 Dazzling Flash           Conj/Hex       0%         N/A       100%        3
 Inner Flame              Hex/Fire       0%         N/A       100%        3
 Vampiric Draining        Necr           0%         2d6       100%        3
 Flame Wave               Conj/Fire      0%         2d4       100%        4
 Agony                    Necr           0%         N/A       100%        5
 Silence                  Hex/Air        0%         N/A       100%        5


Dungeon Overview and Level Annotations

Branches:
Dungeon (9/15)             Temple (1/1) D:6            Lair (0/6) D:8
    Orc: D:9-12

Altars:
Ashenzari
Cheibriados
Elyvilon
Gozag
Hepliaklqana
Kikubaaqudgha
Makhleb
Nemelex Xobeh
Okawaru
Qazlal
Ru
Sif Muna
Uskayaw
Vehumet
Wu Jian
Xom
Yredelemnul
Zin
The Shining One

Shops:
D:2 (   D:5 !


Innate Abilities, Weirdness & Mutations

You have a pair of horns on your head.
You reflexively headbutt those who attack you in melee.


Message History

The red draconian hits you with a +0 scimitar.
* * * LOW HITPOINT WARNING * * *
You barely miss the red draconian.
The red draconian is heavily wounded.
The red draconian breathes fire at you. The searing blast hits you! You resist.
* * * LOW HITPOINT WARNING * * *
You hit the red draconian but do no damage.
You headbutt the red draconian!
The red draconian is severely wounded.
The red draconian hits you with a +0 scimitar!
* * * LOW HITPOINT WARNING * * *
You hit the red draconian.
The red draconian is severely wounded.
You hit the red draconian.
The red draconian is severely wounded.
The red draconian hits you but does no damage.
You hit the red draconian but do no damage.
You headbutt the red draconian.
The red draconian is severely wounded.
The red draconian breathes fire at you. The searing blast hits you! You resist.
* * * LOW HITPOINT WARNING * * *
You hit the red draconian.
The red draconian is almost dead.
You slash the red draconian!
You headbutt the red draconian, but do no damage.
The red draconian is almost dead.
The red draconian hits you but does no damage.
You hit the red draconian. Your headbutt misses the red draconian.
The red draconian is almost dead.
The red draconian closely misses you. You furiously retaliate!
You headbutt the red draconian, but do no damage.
You hit the red draconian but do no damage.
The red draconian is almost dead.
The red draconian hits you with a +0 scimitar!
The Shining One protects you from harm!
You feel better.
The red draconian hits you with a +0 scimitar!!
You die...

## . #. . ..
# #. .# ## #
# ..###. . #
..###... . .
# #..#.##.##
###..#.. .##
# #.°.# #.. #
. #.
...##@#.#.
.#.. #
.#.....d# . .
...
#....#..#...#
.#.# .#..
##.#...#. .
.. ##
..#####.. .
.### .# # #.
# # . . #


You could see a red draconian (catching breath).

Vanquished Creatures
  Erica (D:8)
  2 two-headed ogres
  A cyclops (D:8)
  An orange demon (Abyss:1)
  Prince Ribbit (D:5)
  A hornet (D:8)
  Sigmund (D:4)
  A wyvern (D:8)
  A ynoxinul (Abyss:1)
  2 steam dragons (D:8)
  2 wargs (D:8)
  A water moccasin (D:9)
  3 ice beasts
  5 orc warriors
  2 sky beasts
  An ogre (D:2)
  A necrophage (D:7)
  A centaur (D:7)
  A kobold brigand (D:9)
  4 bullfrogs
  3 scorpions
  A small abomination (Abyss:1)
  9 killer bees (D:8)
  12 wights
  A howler monkey (D:6)
  A bullfrog zombie (D:5)
  3 centaur zombies
  3 jellies
  3 gnoll shamans
  6 orc priests
  5 hounds
  3 iguanas
  A scorpion zombie (D:5)
  Ijyb (D:5)
  12 orc wizards
  A hound skeleton (D:5)
  14 gnolls
  5 adders
  3 white imps
  An ufetubus (D:5)
  2 worms
  2 dart slugs
  36 orcs
  6 ball pythons
  An endoplasm (D:1)
  3 giant cockroaches
  11 goblins
  7 hobgoblins
  3 jackals (D:1)
  3 quokkas
  5 bats
  2 frilled lizards
  12 kobolds
  8 rats
222 creatures vanquished.

Vanquished Creatures (others)
  5 plants
5 creatures vanquished.

Grand Total: 227 creatures vanquished

Notes
Turn   | Place    | Note
-------+----------+-------------------------------------------
     0 | D:1      | Decritt the Minotaur Monk began the quest for the Orb.
     0 | D:1      | Reached XP level 1. HP: 19/19 MP: 0/0
   204 | D:1      | Reached XP level 2. HP: 27/27 MP: 1/1
   515 | D:1      | Reached skill level 1 in Armour
   697 | D:1      | Reached XP level 3. HP: 33/33 MP: 2/2
  1241 | D:2      | Found Gonobiw's Antique Weapon Shop.
  1550 | D:2      | Noticed an ogre
  1559 | D:2      | Killed an ogre
  1560 | D:2      | Reached skill level 5 in Fighting
  1560 | D:2      | Reached XP level 4. HP: 22/42 MP: 3/3
  1560 | D:2      | Reached XP level 5. HP: 25/48 MP: 4/4
  1908 | D:2      | Reached skill level 5 in Axes
  3518 | D:4      | Noticed Sigmund
  3541 | D:5      | Entered Level 5 of the Dungeon
  3575 | D:5      | Reached XP level 6. HP: 56/56 MP: 5/5
  3648 | D:5      | Found Motuem's Distillery.
  3656 | D:5      | Bought a potion of heal wounds for 55 gold pieces
  3656 | D:5      | Bought a potion of curing for 33 gold pieces
  3922 | D:5      | Noticed Ijyb
  3927 | D:5      | Killed Ijyb
  3980 | D:5      | Noticed a sky beast
  3993 | D:5      | Killed a sky beast
  3994 | D:5      | Reached XP level 7. HP: 28/64 MP: 6/6
  4621 | D:5      | Reached skill level 5 in Dodging
  4691 | D:5      | Noticed Prince Ribbit
  4719 | D:5      | Killed Prince Ribbit
  5374 | D:4      | Reached XP level 8. HP: 73/73 MP: 7/7
  5541 | D:4      | Killed Sigmund
  5727 | D:4      | Found a shimmering blue altar of Sif Muna.
  5743 | D:4      | Found a sacrificial altar of Ru.
  6605 | D:6      | Found a staircase to the Ecumenical Temple.
  6618 | Temple   | Entered the Ecumenical Temple
  6692 | Temple   | Became a worshipper of the Shining One
  6692 | Temple   | Reached * piety under the Shining One
  6692 | Temple   | Reached ** piety under the Shining One
  6825 | D:6      | Reached skill level 5 in Armour
  7513 | D:6      | Found a sparkling altar of Nemelex Xobeh.
  7983 | D:7      | Reached XP level 9. HP: 53/82 MP: 8/8
  8596 | D:8      | Noticed Erica
  8604 | D:8      | Killed Erica
  8605 | D:8      | Reached skill level 1 in Invocations
  8696 | D:8      | Reached skill level 10 in Axes
  8706 | D:8      | Reached skill level 10 in Fighting
  9172 | D:8      | Reached *** piety under the Shining One
  9374 | D:8      | Noticed a two-headed ogre
  9375 | D:8      | Noticed a cyclops
  9382 | D:8      | Killed a two-headed ogre
  9383 | D:8      | Reached XP level 10. HP: 47/94 MP: 10/10
  9397 | D:8      | Killed a cyclops
  9630 | D:8      | Found a staircase to the Lair.
 10375 | D:9      | Reached **** piety under the Shining One
 10509 | D:9      | Noticed a two-headed ogre
 10518 | D:9      | Killed a two-headed ogre
 10543 | D:9      | Found a broken altar of Ashenzari.
 10570 | D:9      | Cast into level 1 of the Abyss (orc warrior)
 10668 | Abyss:1  | Noticed an orange demon
 10675 | Abyss:1  | Killed an orange demon
 10676 | Abyss:1  | Reached XP level 11. HP: 82/102 MP: 12/12
 10720 | Abyss:1  | Noticed a red draconian
 10744 | Abyss:1  | The Shining One protects you from harm!
 10745 | Abyss:1  | Slain by a red draconian

Illustrated notes

Levels and vault maps discovered:
D:1:      lemuel_arrival_rhombus, layout_loops_cross
D:2:      layout_loops_cross, serial_shops, nicolae_shop_stone
D:3:      layout_basic
D:4:      layout_layer_cave, mainiacjoe_overflow_swirl,
          small_statue_intersection, uniq_sigmund
D:5:      layout_basic, serial_bayou, serial_bayou_pond_a, serial_bayou_pond_b,
          serial_bayou_crossing, serial_bayou_pond_e, serial_shops, shop,
          uniq_prince_ribbit1, uniq_ijyb
D:6:      layout_gridville, nemelex_spade_bored_becter,
          minmay_temple_entry_junction_2
D:7:      layout_rooms, minivault_14, grunt_ministairs_2,
          nicolae_fountain_basement
D:8:      layout_basic, erik_lair_orcish_takeover, grunt_potential, uniq_erica
D:9:      layout_stronghold, nicolae_ashenzari_panopticon, minitemple,
          gammafunk_ghost_necromancy, hangedman_abyss_or_decor_lesser_grid,
          minmay_misc_feat_square, library_closet, uniq_pikel
Temple:   eino_wide_crystal_templ
Abyss:1:  base:
D:6

Skill      XL: |  1  2  3  4  5  6  7  8  9 10 11 |
---------------+----------------------------------+-----
Fighting       | 4 5 6 7 8 10 11 | 11.3
Axes           | 4 5 6 7 9 10 11 | 11.5
Armour         | 1 2 3 4 5 7 8 9 |  9.0
Dodging        | 4 5 6 7 8 |  8.8
Invocations    | 2 3 |  3.6
Stealth        | |  1.5

Action                   |  1- 3 |  4- 6 |  7- 9 | 10-12 || total
-------------------------+-------+-------+-------+-------++-------
Melee: Hand axe          |    41 |    43 |   250 |   158 ||   492
       Headbutt          |    15 |    17 |    60 |    40 ||   132
       Long sword        |    28 |    52 |       |       ||    80
  Use: Scroll            |       |     6 |       |     4 ||    10
       Potion            |       |       |     1 |     2 ||     3
 Stab: Sleeping          |     6 |     1 |       |       ||     7
Armor: Robe              |    17 |    14 |       |       ||    31
       Leather armour    |       |     6 |       |       ||     6
       Ring mail         |       |     6 |     7 |       ||    13
       Scale mail        |       |       |    30 |       ||    30
       Chain mail        |       |       |    90 |    72 ||   162
Dodge: Dodged            |    58 |    58 |   134 |    78 ||   328

Table legend: (Time is in decaauts)
 A = Elapsed time spent in this place.
 B = Non-inter-level travel time spent in this place.
 C = Inter-level travel time spent in this place.
 D = Time resting spent in this place.
 E = Time spent auto-exploring this place.
 F = Levels seen in this place.
 G = Mean time per level.
                   A        B        C        D        E       F      G
               +--------+--------+--------+--------+--------+-----+--------+
         Total |  10725 |  10491 |    234 |   2622 |   6211 |  11 |  975.0 |
       Dungeon |  10468 |  10234 |    234 |   2589 |   6167 |   9 | 1163.1 |
        Temple |     90 |     90 |      0 |      0 |     44 |   1 |   90.0 |
         Abyss |    166 |    166 |      0 |     33 |      0 |   1 |  166.0 |
               +--------+--------+--------+--------+--------+-----+--------+

Top non-repeatable levels by time:
     D:5: 2031 daAuts
     D:8: 1736 daAuts
     D:6: 1526 daAuts
     D:2: 1493 daAuts
     D:4: 1141 daAuts
     D:1: 863 daAuts
     D:3: 829 daAuts
     D:7: 625 daAuts
     D:9: 219 daAuts
 Abyss:1: 166 daAuts
  Temple: 90 daAuts
